 Dungeon Crawl Stone Soup version 0.28.0-45-g0d030f2227 (webtiles) character file.

Game seed: 14376343555097389629

4046 101zpm the Thaumaturge (level 10, -14/53 HPs)
             Began as a Deep Elf Ice Elementalist on Apr 20, 2022.
             Killed from afar by an acid dragon (35 damage)
             ... with a splash of acid
             ... on level 9 of the Dungeon.
             The game lasted 00:41:10 (13866 turns).

101zpm the Thaumaturge (Deep Elf Ice Elementalist) Turns: 13866, Time: 00:41:11

Health: -14/53     AC:  1    Str:  7    XL:     10   Next: 4%
Magic:  26/28      EV: 13    Int: 25    God:
Gold:   409        SH:  0    Dex: 10    Spells: 15/33 levels left

rFire   + . .      SeeInvis .   F - +5 battleaxe of Ferocious True Grit {vorpal, rF+ rC+++ Str+2 Dex-5}
rCold   + + +      Faith    .   (shield currently unavailable)
rNeg    . . .      Spirit   .   a - +0 robe
rPois   .          Reflect  .   n - +0 helmet
rElec   .          Harm     .   o - +0 cloak
rCorr   .          Rampage  .   (no gloves)
Will    +....                   t - +0 pair of boots
Stlth   +++.......              (no amulet)
HPRegen 0.17/turn               E - ring of flight
MPRegen 0.21/turn               (no ring)

@: corroded, flying
A: no striking features
a: no special abilities


You were on level 9 of the Dungeon.
You visited 1 branch of the dungeon, and saw 9 of its levels.

You collected 409 gold pieces.

Inventory:

Hand Weapons
 d - a +2 vampiric whip
 g - a +1 vorpal hand axe
 l - a +2 flail of protection
 p - a +1 flail of distortion
 C - a +0 short sword of speed
 F - the +5 battleaxe of Ferocious True Grit (weapon) {vorpal, rF+ rC+++ Str+2 Dex-5}
   (You found it on level 7 of the Dungeon)

   It inflicts extra damage upon your enemies.
   Str:       It affects your strength (+2).
   Dex:       It affects your dexterity (-5).
   rF:        It protects you from fire.
   rC:        It renders you almost immune to cold.
 G - a +0 vorpal shortbow
Missiles
 e - 272 stones
 x - 103 arrows
 y - 95 sling bullets
 D - 14 poisoned darts
 L - 36 bolts
Armour
 a - a +0 robe (worn)
 k - an orb of energy
 n - a +0 helmet (worn)
 o - a +0 cloak (worn)
 t - a +0 pair of boots (worn)
Jewellery
 E - a ring of flight (left hand)
 M - an amulet of guardian spirit
Wands
 h - a wand of flame (28)
 N - a wand of acid (5)
Scrolls
 b - 2 scrolls of enchant armour {unknown}
 c - a scroll of acquirement {unknown}
 f - 7 scrolls of identify {unknown}
 q - a scroll of noise {unknown}
 v - 2 scrolls of fog {unknown}
 z - a scroll of immolation {unknown}
 A - a scroll of teleportation {unknown}
 B - 2 scrolls of enchant weapon {unknown}
 H - a scroll of silence {unknown}
Potions
 i - a potion of might {unknown}
 j - 3 potions of degeneration {unknown}
 m - 4 potions of curing {unknown}
 r - a potion of attraction {unknown}
 s - 2 potions of mutation {unknown}
 u - a potion of lignification {unknown}
 w - a potion of invisibility {unknown}
 I - a potion of haste {unknown}
 J - a potion of ambrosia {unknown}
 K - 2 potions of flight {unknown}


   Skills:
 + Level 1.7 Fighting
 + Level 0.5(1.9) Axes
 + Level 2.6(2.7) Maces & Flails
 + Level 5.1 Dodging
 + Level 4.7 Stealth
 + Level 12.4 Spellcasting
 + Level 2.3 Conjurations
 + Level 1.4 Summonings
 + Level 0.5 Transmutations
 + Level 9.9 Ice Magic
 + Level 0.6 Air Magic


You had 15 spell levels left.
You knew the following spells:

 Your Spells              Type           Power      Damage    Failure   Level
a - Freeze                Ice            100%       1d11      1%          1
b - Frozen Ramparts       Ice            100%       1d12      1%          3
c - Ozocubu's Armour      Ice            60%        N/A       1%          3
d - Hailstorm             Conj/Ice       46%        3d11      3%          4
e - Summon Small Mammal   Summ           88%        N/A       2%          1
f - Animate Skeleton      Necr           30%        N/A       3%          1
g - Beastly Appendage     Tmut           36%        N/A       3%          1
h - Shock                 Conj/Air       88%        1d8       2%          1
i - Swiftness             Air            18%        N/A       9%          3

Your spell library contained the following spells:

 Spells                   Type           Power      Damage    Failure   Level
 Foxfire                  Conj/Fire      84%        2x1d8     2%          1
 Apportation              Tloc           30%        N/A       3%          1
 Pain                     Necr           60%        1d7       3%          1
 Wereblood                Tmut           18%        N/A       4%          2
 Conjure Flame            Conj/Fire      21%        6-21      7%          3
 Spider Form              Tmut/Pois      16%        N/A       11%         3
 Inner Flame              Hex/Fire       15%        N/A       12%         3
 Flame Wave               Conj/Fire      21%        2d7       24%         4
 Airstrike                Air            9%         N/A       30%         4
 Olgreb's Toxic Radiance  Pois           15%        N/A       36%         4
 Ozocubu's Refrigeration  Ice            30%        4d11      47%         7
 Agony                    Necr           15%        N/A       71%         5
 Excruciating Wounds      Necr           7%         N/A       71%         5
 Conjure Ball Lightning   Conj/Air       11%        3x3d6     97%         6
 Discord                  Hex            7%         N/A       100%        8
 Disjunction              Tloc           7%         N/A       100%        8
 Ignition                 Fire           7%         3d5       100%        8


Dungeon Overview and Level Annotations

Branches:
Dungeon (9/15)             Temple (0/1) D:6
   Lair: D:8-11         Orc: D:9-12

Altars:
Dithmenos
Fedhas
Gozag
Kikubaaqudgha
Trog
Xom

Shops:
D:9 [

Annotations:
D:5 Menkaure


Message History

The dream sheep explodes!
You start resting.
Magic restored.
You start waiting.
Done waiting.
f - 6 scrolls labelled ETEINIH UNO (gained 1)
You now have 409 gold pieces (gained 23).
f - 7 scrolls labelled ETEINIH UNO (gained 1)
An acid dragon is nearby!
An acid dragon is nearby!
An acid dragon is nearby!
An acid dragon is nearby!
Items here: )))) [[.
The acid dragon roars!
You hear a shout!
The acid dragon spits acid at you. The splash of acid hits you!
The acid corrodes you!
A deep troll comes into view.
The acid dragon barely misses you. The acid dragon claws you.
Aiming: Freeze (safe; 1% risk of failure)
Press: ? - help, Q - select action, (/) - cycle Shift-Dir - straight line, f - acid dragon
Aim: an acid dragon (catching its breath)
You freeze the acid dragon!
The acid dragon is moderately wounded.
The acid dragon misses you. The acid dragon claws you.
Aiming: Freeze (safe; 1% risk of failure)
Press: ? - help, Q - select action, (/) - cycle Shift-Dir - straight line, f/p - acid dragon
Aim: an acid dragon (moderately wounded, catching its breath)
You freeze the acid dragon!
The acid dragon is heavily wounded.
The acid dragon bites you. The acid dragon misses you.
Aiming: Freeze (safe; 1% risk of failure)
Press: ? - help, Q - select action, (/) - cycle Shift-Dir - straight line, f/p - acid dragon
Aim: an acid dragon (heavily wounded, catching its breath)
You freeze the acid dragon.
The acid dragon is severely wounded.
The acid dragon bites you! The acid dragon claws you.
The acid dragon spits acid at you. The splash of acid hits you!!
Ouch! That really hurt!
You die...

#.# #.# #.# #.# #.# #.##
#.# #... #############
#.## ####
............########..###
...................#..###
................####..###
..............D.@.##....#
............T...#)..∩...#
................#....##.#
...........)....###..##.#
................###..####
.[..............######
................#
.................
#####)#.........##


You could see a deep troll and an acid dragon (catching breath).

Vanquished Creatures
  A boulder beetle (D:6)
  A meliai zombie (D:7)
  Sigmund (D:2)
  3 yaks (D:9)
  2 water moccasins
  2 ice beasts
  A sky beast (D:7)
  An orc warrior (D:9)
  2 ogres
  A necrophage (D:4)
  A centaur (D:5)
  A phantom (D:6)
  A kobold brigand (D:6)
  A bullfrog (D:4)
  2 gnoll sergeants
  A scorpion (D:4)
  A wyvern skeleton (D:7)
  A water moccasin zombie (D:6)
  A howler monkey (D:5)
  2 bullfrog zombies
  A centaur skeleton (D:6)
  4 hounds
  2 jellies (D:5)
  3 orc priests
  5 iguanas
  5 orc wizards
  2 hound skeletons
  8 gnolls
  9 adders
  A shadow imp (D:5)
  An ufetubus (D:7)
  2 worms
  3 dart slugs
  27 orcs
  6 ball pythons
  6 bats
  9 endoplasms
  3 giant cockroaches
  6 goblins
  5 hobgoblins
  2 jackals (D:2)
  5 quokkas
  2 frilled lizards (D:2)
  16 kobolds
  6 rats
166 creatures vanquished.

Vanquished Creatures (others)
  5 dream sheep (D:9)
  An endoplasm (D:2)
  2 demonic plants (D:1)
  3 plants (D:1)
11 creatures vanquished.

Grand Total: 177 creatures vanquished

Notes
Turn   | Place    | Note
-------+----------+-------------------------------------------
     0 | D:1      | 101zpm the Deep Elf Ice Elementalist began the quest for
                  | the Orb.
     0 | D:1      | Reached XP level 1. HP: 10/10 MP: 6/6
     3 | D:2      | Noticed Sigmund
   267 | D:1      | Reached XP level 2. HP: 15/15 MP: 6/8
   897 | D:1      | Found a faded altar of an unknown god.
  1510 | D:2      | Reached skill level 5 in Ice Magic
  1709 | D:3      | Reached skill level 4 in Spellcasting
  1709 | D:3      | Reached XP level 3. HP: 19/19 MP: 6/10
  1908 | D:3      | Reached XP level 4. HP: 22/24 MP: 10/12
  3468 | D:2      | HP: 1/24 [Sigmund/puff of flame (9)]
  3774 | D:3      | Reached XP level 5. HP: 18/28 MP: 10/14
  4054 | D:2      | Reached skill level 5 in Spellcasting
  4367 | D:1      | Learned a level 3 spell: Frozen Ramparts
  4371 | D:1      | Learned a level 3 spell: Ozocubu's Armour
  4376 | D:1      | Learned a level 4 spell: Hailstorm
  4378 | D:1      | Learned a level 1 spell: Summon Small Mammal
  4380 | D:1      | Learned a level 1 spell: Animate Skeleton
  4382 | D:1      | Learned a level 1 spell: Beastly Appendage
  4393 | D:1      | You fall into a shaft and drop 1 floor!
  4675 | D:4      | Reached XP level 6. HP: 33/33 MP: 12/16
  4715 | D:4      | Reached skill level 6 in Spellcasting
  5106 | D:4      | Reached skill level 1 in Maces & Flails
  5106 | D:4      | Reached XP level 7. HP: 29/37 MP: 10/19
  5157 | D:4      | Reached skill level 7 in Spellcasting
  5721 | D:4      | Found an opulent altar of Gozag.
  5721 | D:4      | Found a bloodstained altar of Trog.
  6022 | D:2      | Killed Sigmund
  6023 | D:2      | Reached skill level 1 in Fighting
  6374 | D:5      | Entered Level 5 of the Dungeon
  6781 | D:5      | Noticed Menkaure
  6816 | D:6      | Reached skill level 8 in Spellcasting
  6956 | D:6      | Found a shadowy altar of Dithmenos.
  7044 | D:6      | Noticed a boulder beetle
  7238 | D:7      | Reached XP level 8. HP: 20/43 MP: 15/22
  8171 | D:7      | Learned a level 1 spell: Shock
  8175 | D:7      | Learned a level 3 spell: Swiftness
  9147 | D:7      | Reached skill level 9 in Spellcasting
  9428 | D:7      | Identified the +5 battleaxe of Ferocious True Grit {vorpal,
                  | rF+ rC+++ Str+2 Dex-5}
 10448 | D:5      | Reached skill level 10 in Spellcasting
 10448 | D:5      | Reached XP level 9. HP: 42/48 MP: 12/25
 11101 | D:6      | Reached skill level 1 in Conjurations
 11593 | D:6      | Found a staircase to the Ecumenical Temple.
 11606 | D:6      | Found a blossoming altar of Fedhas.
 11606 | D:6      | Found an ancient bone altar of Kikubaaqudgha.
 11659 | D:6      | Reached skill level 5 in Dodging
 11750 | D:6      | Killed a boulder beetle
 11751 | D:6      | Reached skill level 11 in Spellcasting
 11751 | D:6      | Reached skill level 1 in Summonings
 12808 | D:9      | Found Ciof's Armour Shoppe.
 12991 | D:9      | Reached skill level 12 in Spellcasting
 13619 | D:9      | Found a shimmering altar of Xom.
 13621 | D:9      | Reached XP level 10. HP: 53/53 MP: 23/28
 13859 | D:9      | Noticed a deep troll
 13866 | D:9      | Killed from afar by an acid dragon

Illustrated notes

Levels and vault maps discovered:
D:1:      dpeg_arrival_stonehenge_8_columns, layout_loops_cross,
          dreamdust_ecumenical_altar_sealed_demon, chequers_big_river
D:2:      layout_basic, lemuel_flame_loot_1, uniq_sigmund
D:3:      layout_loops_cross, minmay_puff
D:4:      layout_rooms, mainiacjoe_overflow_divided_tiny
D:5:      layout_layer_cave, uniq_menkaure
D:6:      layout_basic, grunt_temple_overflow_growth_and_decay,
          overflow_temple_1_default, temple_statues
D:7:      layout_loops_ring
D:8:      layout_loops_ring, erik_lair_orcish_takeover, uniq_erica,
          uniq_prince_ribbit1
D:9:      layout_basic, kb_xom_exploding_sheep, kennysheep_mini_moat,
          serial_shops, nicolae_square_shop

Skill      XL: |  1  2  3  4  5  6  7  8  9 |
---------------+----------------------------+-----
Ice Magic      | 5 6 7 8 9 |  9.9
Stealth        | 3 4 |  4.7
Spellcasting   | 4 5 6 8 10 12 | 12.4
Maces & Flails | 1 2 |  2.6
Dodging        | 3 4 5 |  5.1
Fighting       | 1 |  1.7
Conjurations   | 2 |  2.3
Summonings     | 1 |  1.4
Axes           | |  0.5
Transmutations | |  0.5
Air Magic      | |  0.6

Action                   |  1- 3 |  4- 6 |  7- 9 | 10-12 || total
-------------------------+-------+-------+-------+-------++-------
Melee: Unarmed           |     7 |       |       |       ||     7
       Whip              |     6 |    27 |       |       ||    33
       Flail             |       |    15 |   124 |       ||   139
       Kick              |       |       |    11 |       ||    11
       Headbutt          |       |       |     4 |       ||     4
       Battleaxe         |       |       |     6 |       ||     6
 Cast: Freeze            |    37 |    52 |    85 |     3 ||   177
       Frozen Ramparts   |       |     8 |    36 |       ||    44
       Ozocubu's Armour  |       |       |    15 |       ||    15
       Beastly Appendage |       |       |     5 |       ||     5
       Hailstorm         |       |       |    18 |       ||    18
       Summon Small Mamm |       |       |    15 |       ||    15
       Shock             |       |       |    15 |       ||    15
 Stab: Sleeping          |     1 |     3 |       |       ||     4
       Distracted        |       |       |     1 |       ||     1
Armor: Robe              |     7 |     9 |   102 |       ||   118
Dodge: Dodged            |    20 |    44 |   165 |     3 ||   232
